 Dungeon Crawl Stone Soup version 0.31-a0-152-g6aa68a64a1 (webtiles) character file.

Game seed: 7488998189439492947

317 qw the Shooter (level 6, -4/49 (52) HPs)
             Began as a Minotaur Hunter on June 9, 2023.
             Slain by a wight
             ... wielding a +0 halberd
              (7 damage)
             ... on level 3 of the Dungeon.
             The game lasted 00:00:58 (2105 turns).

qw the Shooter (Minotaur Hunter)                    Turns: 2105, Time: 00:00:58

HP:   -4/49 (52)    AC:  6    Str: 16    XL:     6   Next: 20%
MP:   5/5           EV: 11    Int:  6    God:
Gold: 211           SH:  0    Dex: 15    Spells: 5/5 levels left

rFire   . . .        Y - +1 shortbow
rCold   . . .        (shield currently unavailable)
rNeg    + . .        g - +0 ring mail
rPois   .            (helmet restricted)
rElec   .            (no cloak)
rCorr   .            a - +0 pair of gloves
SInv    .            (no boots)
Will    .....        (no amulet)
Stlth   +            d - ring of positive energy
HPRegen 0.28/turn    (no ring)
MPRegen 0.09/turn

%: no passive effects
@: drained
A: horns 2, retaliatory headbutt
a: no special abilities


You were on level 3 of the Dungeon.
You visited 1 branch of the dungeon, and saw 3 of its levels.

You collected 211 gold pieces.


Innate Abilities, Weirdness & Mutations

You have a pair of horns on your head.
You reflexively headbutt those who attack you in melee.


   Skills:
 - Level 4.1 Fighting
 + Level 7.5 Ranged Weapons
 - Level 1.2 Armour
 - Level 2.1 Dodging
 - Level 0.7 Stealth


You had 5 spell levels left.
You didn't know any spells.
Your spell library was empty.

Inventory:

Hand Weapons
 Y - a +1 shortbow (weapon)
Armour
 a - a +0 pair of gloves (worn)
 e - a +2 hat
 g - a +0 ring mail (worn)
Jewellery
 d - a ring of positive energy (left hand)
Scrolls
 b - a scroll of identify
 c - a scroll of magic mapping {unknown}

Dungeon Overview and Level Annotations

Branches:
Dungeon (3/15)

Altars:
Makhleb
Ru


Message History

You partially resist.
You feel drained. The wight misses you.
You shoot an arrow. The arrow closely misses the wight.
The wight closely misses you.
The wight hits you with a +2 short sword of freezing.
You partially resist.
You feel drained. The wight freezes you.
You shoot an arrow. The arrow hits the wight.
The wight is moderately damaged.
The wight hits you from afar with a +0 halberd!
The wight barely misses you. x2
The wight hits you with a +2 short sword of freezing.
You partially resist.
You feel drained. The wight freezes you.
2098 ||| DRINKING potion of heal wounds.
You feel much better. The wight closely misses you.
The wight hits you but does no damage.
You shoot an arrow. The arrow hits the wight.
The wight is heavily damaged.
The wight closely misses you.
The wight hits you with a +2 short sword of freezing.
The wight freezes you.
You shoot an arrow. The arrow barely misses the wight.
The wight hits you from afar with a +0 halberd!
The wight hits you with a +2 short sword of freezing.
You partially resist.
You feel drained. The wight freezes you.
You shoot an arrow. The arrow closely misses the wight.
The wight barely misses you. The wight completely misses you.
You shoot an arrow. The arrow closely misses the wight.
The wight barely misses you.
The wight hits you with a +2 short sword of freezing.
The wight freezes you.
You shoot an arrow. The arrow hits the wight!
The wight is almost destroyed.
The wight hits you from afar with a +0 halberd!
You partially resist.
You feel drained. The wight closely misses you.
You shoot an arrow. The arrow hits the wight.
You destroy the wight!
The wight barely misses you.
You have reached level 6!
You shoot an arrow. The arrow completely misses the wight.
The wight hits you from afar with a +0 halberd!
You die...

#.#######
#..rzz).# #@#
#.##########
#.##........
#.##.##
#.#.#.##
#..###.########
#.## ##........
##.###.########
#####.#.####...


You could see 2 wights and a rat.

Vanquished Creatures
  A wight (D:3)
  Jessica (D:2)
  Natasha (thrice) (D:2)
  Robin (D:2)
  6 gnolls
  2 adders (D:2)
  A worm (D:2)
  2 dart slugs (D:1)
  3 endoplasms (D:1)
  4 giant cockroaches
  9 goblins (D:2)
  9 hobgoblins
  6 jackals (D:1)
  5 kobolds
  2 quokkas (D:1)
  7 ball pythons
  6 bats
  3 frilled lizards
  4 rats
75 creatures vanquished.

Notes
Turn   | Place    | Note
-------+----------+-------------------------------------------
     0 | D:1      | qw the Minotaur Hunter began the quest for the Orb.
     0 | D:1      | Reached XP level 1. HP: 18/18 MP: 0/0
     0 | D:1      | 0 ||| qw: Version: 0.2-a-122-gbc61b45
     0 | D:1      | 0 ||| qw: Game counter: 3419
     0 | D:1      | 0 ||| qw: Always use a shield: true
     0 | D:1      | 0 ||| qw: God list: Okawaru
     0 | D:1      | 0 ||| qw: Allow faded altars: false
     0 | D:1      | 0 ||| qw: Do Orc after D:15 true
     0 | D:1      | 0 ||| qw: Do second Lair branch before Depths: true
     0 | D:1      | 0 ||| qw: Lair rune preference: random
     0 | D:1      | 0 ||| qw: Plans: Normal
     0 | D:1      | 0 ||| PLANNING D:1-11
   126 | D:1      | Reached XP level 2. HP: 23/25 MP: 1/1
   137 | D:1      | Reached skill level 5 in Ranged Weapons
   166 | D:1      | Reached skill level 3 in Fighting
   222 | D:1      | Reached XP level 3. HP: 29/31 MP: 2/2
   565 | D:1      | 565 ||| UPGRADING to ring of positive energy.
   566 | D:1      | 566 ||| DROPPING ring of flight.
   567 | D:1      | 567 ||| READING scroll labelled ZICOVU COUXT.
   568 | D:1      | 568 ||| READING scroll labelled DUFIEX ASTUO.
   569 | D:1      | 569 ||| READING scroll labelled WEINGE BAODI.
   570 | D:1      | 570 ||| DRINKING 2 bubbling grey potions.
   571 | D:1      | 571 ||| DROPPING scroll of butterflies.
   746 | D:2      | Reached skill level 6 in Ranged Weapons
   746 | D:2      | Reached XP level 4. HP: 38/38 MP: 3/3
   847 | D:2      | Noticed Natasha
   855 | D:2      | Killed Natasha
   957 | D:2      | Noticed Natasha
   966 | D:2      | HP: 8/40 [Natasha (6)]
   967 | D:2      | HP: 2/40 [Natasha (7)]
   968 | D:2      | Killed Natasha
   969 | D:2      | Reached XP level 5. HP: 2/46 MP: 4/4
  1102 | D:2      | Noticed Natasha
  1107 | D:2      | Killed Natasha
  1424 | D:2      | Noticed Robin
  1435 | D:2      | Killed Robin
  1436 | D:2      | 1436 ||| FLEEEEING.
  1437 | D:2      | 1437 ||| FLEEEEING.
  1438 | D:2      | 1438 ||| FLEEEEING.
  1439 | D:2      | 1439 ||| FLEEEEING.
  1440 | D:2      | 1440 ||| FLEEEEING.
  1441 | D:2      | 1441 ||| FLEEEEING.
  1442 | D:2      | 1442 ||| FLEEEEING.
  1443 | D:2      | 1443 ||| FLEEEEING.
  1444 | D:2      | 1444 ||| FLEEEEING.
  1445 | D:2      | 1445 ||| FLEEEEING.
  1446 | D:2      | 1446 ||| FLEEEEING.
  1447 | D:2      | 1447 ||| FLEEEEING.
  1448 | D:2      | 1448 ||| FLEEEEING.
  1449 | D:2      | 1449 ||| FLEEEEING.
  1450 | D:2      | 1450 ||| FLEEEEING.
  1451 | D:2      | 1451 ||| FLEEEEING.
  1452 | D:2      | 1452 ||| FLEEEEING.
  1453 | D:2      | 1453 ||| FLEEEEING.
  1454 | D:2      | 1454 ||| FLEEEEING.
  1455 | D:2      | 1455 ||| FLEEEEING.
  1456 | D:2      | 1456 ||| FLEEEEING.
  1457 | D:2      | 1457 ||| FLEEEEING.
  1458 | D:2      | 1458 ||| FLEEEEING.
  1459 | D:2      | 1459 ||| FLEEEEING.
  1460 | D:2      | 1460 ||| FLEEEEING.
  1461 | D:2      | 1461 ||| FLEEEEING.
  1462 | D:2      | 1462 ||| FLEEEEING.
  1496 | D:2      | Noticed Jessica
  1500 | D:2      | Killed Jessica
  1603 | D:2      | 1603 ||| UPGRADING to +0 pair of gloves.
  1608 | D:2      | 1608 ||| UPGRADING to +0 ring mail.
  1618 | D:2      | 1618 ||| DROPPING +0 leather armour.
  1619 | D:2      | 1619 ||| READING scroll labelled YVENYI YNYXTA.
  1620 | D:2      | 1620 ||| READING scroll labelled NEYRUCHAELA.
  1621 | D:2      | 1621 ||| READING scroll labelled GEGARU NUSEGULL.
  1622 | D:2      | 1622 ||| DRINKING 2 bubbling puce potions.
  1623 | D:2      | 1623 ||| DRINKING 2 fizzy yellow potions.
  1624 | D:2      | 1624 ||| DROPPING potion of enlightenment.
  1662 | D:3      | 1662 ||| STAIRDANCE
  1666 | D:2      | Reached skill level 1 in Armour
  1666 | D:2      | HP: 10/46 [poisoned by a gnoll]
  1667 | D:2      | Reached skill level 7 in Ranged Weapons
  1667 | D:2      | 1667 ||| DRINKING potion of curing.
  1667 | D:2      | 1667 ||| (to cure poison)
  1778 | D:3      | 1778 ||| STAIRDANCE
  1804 | D:3      | 1804 ||| STAIRDANCE
  1834 | D:3      | 1834 ||| STAIRDANCE
  1993 | D:3      | 1993 ||| Stepping ~*~*~tactically~*~*~ (water).
  2073 | D:3      | Found a sacrificial altar of Ru.
  2073 | D:3      | Found a burning altar of Makhleb.
  2097 | D:3      | HP: 8/44 [wight/+0 halberd (10)]
  2098 | D:3      | 2098 ||| DRINKING potion of heal wounds.
  2103 | D:3      | HP: 4/42 [wight/+0 halberd (10)]
  2105 | D:3      | Reached XP level 6. HP: 2/49 MP: 5/5
  2105 | D:3      | Slain by a wight

Levels and vault maps discovered:
D:1:      saegor_arrival_simple_e, layout_rooms, hex_large
D:2:      layout_basic, amcnicky_mini_pool_small, uniq_jessica, uniq_natasha,
          uniq_robin
D:3:      layout_loops_ring, nicolae_overflow_two_pavilions,
          kennysheep_small_spiral

Skill      XL: |  1  2  3  4  5 |
---------------+----------------+-----
Ranged Weapons | 5 6 7 |  7.5
Fighting       | 3 4 |  4.1
Armour         | 1 |  1.2
Dodging        | |  2.1
Stealth        | |  0.7

Action                     |  1- 3 |  4- 6 || total
---------------------------+-------+-------++-------
   Fire: Shortbow          |   103 |    97 ||   200
    Use: Scroll            |     3 |     3 ||     6
         Potion            |     1 |     4 ||     5
 Armour: Leather armour    |    16 |     5 ||    21
         Ring mail         |       |     4 ||     4
  Dodge: Dodged            |    35 |    40 ||    75

Table legend:
 A = Non-vault XP
 B = Vault XP
 C = Vault XP percentage of total XP
 D = Non-vault monster count
 E = Vault monster count
 F = Vault count percentage of total count
                 A         B        C        D         E       F
            +---------+---------+-------+---------+---------+-------
      Total |     353 |     101 |  22.2 |      64 |      11 |  14.7
            +---------+---------+-------+---------+---------+-------
        D:1 |      65 |       0 |   0.0 |      35 |       0 |   0.0
        D:2 |     184 |     101 |  35.4 |      18 |      11 |  37.9
        D:3 |     104 |       0 |   0.0 |      11 |       0 |   0.0
            +---------+---------+-------+---------+---------+-------
